 Dungeon Crawl Stone Soup version 0.27.1-33-g824d729ab1 (webtiles) character file.

Game seed: 12297981223678287731

7 Sharkman1231 the Gusty (level 1, -1/15 HPs)
             Began as a Demonspawn Wanderer on Dec 19, 2021.
             Slain by a giant cockroach (2 damage)
             ... on level 1 of the Dungeon.
             The game lasted 00:01:27 (474 turns).

Sharkman1231 the Gusty (Demonspawn Wanderer)         Turns: 474, Time: 00:01:27

Health: -1/15      AC:  2    Str: 14    XL:     1   Next: 83%
Magic:  2/3        EV: 11    Int: 12    God:
Gold:   8          SH:  0    Dex: 11    Spells: 3/4 levels left

rFire    . . .     SeeInvis .   a - +0 short sword
rCold    . . .     Faith    .   (no shield)
rNeg     . . .     Spirit   .   b - +0 robe
rPois    .         Reflect  .   (no helmet)
rElec    .         Harm     .   (no cloak)
rCorr    .         Rampage  .   (no gloves)
Will     .....                  (no boots)
Stlth    +.........             (no amulet)
HPRegen  0.05/turn              (no ring)
MPRegen  0.08/turn              (no ring)

@: no status effects
A: no striking features
a: no special abilities


You were on level 1 of the Dungeon.
You visited 1 branch of the dungeon, and saw 1 of its levels.

You collected 8 gold pieces.

Inventory:

Hand Weapons
 a - a +0 short sword (weapon)
Armour
 b - a +0 robe (worn)
Miscellaneous
 c - a piece from Xom's chessboard (12/15) (quivered)


   Skills:
 + Level 1.0 Fighting
 - Level 1.0 Stealth
 - Level 2.0 Spellcasting
 + Level 1.0 Conjurations
 - Level 2.0 Summonings
 - Level 2.6 Air Magic
 - Level 1.0 Poison Magic
 - Level 1.0 Evocations


You had 3 spell levels left.
You knew the following spells:

 Your Spells              Type           Power      Damage    Failure   Level
a - Magic Dart            Conj           12%        1d3       19%         1

Your spell library contained the following spells:

 Spells                   Type           Power      Damage    Failure   Level
 Call Imp                 Summ           6%         N/A       19%         2
 Apportation              Tloc           2%         N/A       26%         1
 Blink                    Tloc           N/A        N/A       38%         2
 Slow                     Hex            1%         N/A       38%         2
 Mephitic Cloud           Conj/Pois/Air  4%         N/A       41%         3
 Conjure Flame            Conj/Fire      2%         6-21      54%         3
 Gell's Gravitas          Tloc           0%         N/A       63%         3


Dungeon Overview and Level Annotations

Branches:
Dungeon (1/15)

Altars:


Message History

The giant cockroach barely misses you. The kobold hits you with a +0 dagger.
The giant cockroach waves its antennae.
You are too injured to fight recklessly!
You are too injured to fight recklessly!
The giant cockroach completely misses you.
The giant cockroach closely misses you.
You barely miss the giant cockroach.
The giant cockroach bites you but does no damage.
You barely miss the giant cockroach.
The giant cockroach bites you but does no damage.
You closely miss the giant cockroach. The giant cockroach closely misses you.
The giant cockroach bites you.
* * * LOW HITPOINT WARNING * * *
You hit the giant cockroach.
The giant cockroach is almost dead.
The giant cockroach bites you but does no damage.
You hit the giant cockroach but do no damage.
The giant cockroach is almost dead.
The giant cockroach bites you.
* * * LOW HITPOINT WARNING * * *
You barely miss the giant cockroach.
The giant cockroach is almost dead.
The giant cockroach bites you.
* * * LOW HITPOINT WARNING * * *
Unknown command.
You aren't carrying any potions.
You aren't carrying any scrolls.
You make a move on Xom's chessboard...
The kobold twists and deforms.
The giant cockroach closely misses you. x2
You make a move on Xom's chessboard...
The giant cockroach struggles to resist.
The giant cockroach closely misses you.
You hit the giant cockroach but do no damage.
The giant cockroach is almost dead.
The giant cockroach bites you.
* * * LOW HITPOINT WARNING * * *
Unknown command.
You make a move on Xom's chessboard...
The kobold twists and deforms.
The giant cockroach bites you.
You die...

..........##
.#.......[.# #.........#
#.........# #.........#
#.........# ##.......##
######......# .
#@....(.....#
..##########B#.....##..#
......$.....K#....#....#
............÷.#..#.....#
...............###....##
................###...#
##..............#..#..#
##########....#....#.#
#.)##†....#.#


You could see a giant cockroach and a kobold (misshapen).

Vanquished Creatures
  An endoplasm (D:1)
  A hobgoblin (D:1)
  2 ball pythons (D:1)
  2 bats (D:1)
  A rat (D:1)
7 creatures vanquished.

Notes
Turn   | Place    | Note
-------+----------+-------------------------------------------
     0 | D:1      | Sharkman1231 the Demonspawn Wanderer began the quest for
                  | the Orb.
     0 | D:1      | Sharkman1231 set off with the following items: a +0 club, a
                  | +0 robe, a piece from Xom's chessboard (15/15); and the
                  | following spells available to memorise: Call Imp,
                  | Apportation, Magic Dart, Blink, Slow, Mephitic Cloud,
                  | Conjure Flame, Gell's Gravitas
     0 | D:1      | Reached XP level 1. HP: 13/13 MP: 3/3
     2 | D:1      | Learned a level 1 spell: Magic Dart
   306 | D:1      | Reached skill level 1 in Fighting
   306 | D:1      | Reached skill level 1 in Conjurations
   474 | D:1      | Slain by a giant cockroach

Illustrated notes

Levels and vault maps discovered:
D:1:      co_arrival_square_in_a_square_in_a_square, layout_rooms, serial_shops,
          shop_coins, minmay_misc_feat_chi

Skill      XL: |  1 |
---------------+----+-----
Fighting       | 1 |  1.0
Conjurations   | 1 |  1.0
Stealth        | |  1.0
Spellcasting   | |  2.0
Summonings     | |  2.0
Air Magic      | |  2.6
Poison Magic   | |  1.0
Evocations     | |  1.0

Action                   || total
-------------------------++-------
Melee: Club              ||    31
       Short sword       ||    16
 Cast: Magic Dart        ||    11
Evoke: Piece from Xom's  ||     3
Armor: Robe              ||    24
Dodge: Dodged            ||    53
